 Seeded DCSS version 0.30.1-4-g462c640d31 (webtiles) character file.

Game seed: 1488530604685760082 (custom seed)

6752 kingsuperguy the Cleaver (level 10, 0/77 HPs)
             Began as a Demonspawn Monk on Sept 17, 2023.
             Was a High Priest of Vehumet.
             Slain by a fire bat (2 damage)
             ... in a volcano.
             The game lasted 00:14:56 (8577 turns).

kingsuperguy the Cleaver (Demonspawn Monk)          Turns: 8577, Time: 00:14:57

Health: 0/77       AC: 18    Str: 15    XL:     10   Next: 75%
Magic:  13/13      EV:  6    Int: 28    God:    Vehumet [*****.]
Gold:   524        SH:  7    Dex: 15    Spells: 5/13 levels left

rFire   + . .        x - +11 broad axe "Demonspawn's Regret" {spect, Str+3}
rCold   . . .        Q - +2 buckler
rNeg    . . .        U - +4 plate armour {rF+}
rPois   .            (helmet restricted)
rElec   .            s - +0 cloak
rCorr   .            (no gloves)
SInv    .            g - +0 pair of boots
Will    .....        (no amulet) Stlth
                     w - +6 ring of intelligence
HPRegen 0.32/turn    O - +6 ring of intelligence
MPRegen 0.13/turn

%: no passive effects
@: marked, hasted, very quick
A: antennae 1, foul stench 1, icemail 2, sturdy frame 1, condensation shield,
bedeviling
a: Renounce Religion


You were in a volcano.
You worshipped Vehumet.
Vehumet was extremely pleased with you.
You visited 2 branches of the dungeon, and saw 11 of its levels.
You also visited: Sewer, Ossuary and Volcano.

You collected 524 gold pieces.

Inventory:

Hand Weapons
 a - a +0 hand axe of draining
 x - the +11 broad axe "Demonspawn's Regret" (weapon) {spect, Str+3}
   (You found it on level 3 of the Dungeon)

   Str:       It affects your strength (+3).
Armour
 b - a +0 robe
 d - an orb of light
 g - a +0 pair of boots (worn)
 s - a +0 cloak (worn)
 t - a +0 plate armour
 G - a +0 helmet
 Q - a +2 buckler (worn)
 U - a +4 plate armour of fire resistance (worn)
Jewellery
 w - a +6 ring of intelligence (left hand)
 y - a ring of ice
 J - a ring of flight
 O - a +6 ring of intelligence (right hand)
 T - a ring of poison resistance
Wands
 m - a wand of flame (40)
 I - a wand of mindburst (11)
 K - a wand of paralysis (3)
 N - a wand of acid (4)
Scrolls
 e - 3 scrolls of teleportation {unknown}
 f - a scroll of brand weapon
 i - a scroll of summoning {unknown}
 j - 10 scrolls of identify {unknown}
 k - 3 scrolls of fog {unknown}
 o - 2 scrolls of enchant armour {unknown}
 p - 3 scrolls of amnesia {unknown}
 q - 2 scrolls of fear {unknown}
 u - 2 scrolls of immolation {unknown}
 z - a scroll of enchant weapon {unknown}
 C - 2 scrolls of magic mapping {unknown}
 L - 2 scrolls of noise {unknown}
 M - 3 scrolls of vulnerability {unknown}
Potions
 c - 2 potions of ambrosia
 h - 6 potions of attraction {unknown}
 l - 12 potions of curing
 r - 3 potions of degeneration {unknown}
 v - 5 potions of haste
 A - a potion of cancellation {unknown}
 B - 3 potions of mutation {unknown}
 D - 2 potions of brilliance {unknown}
 E - 3 potions of heal wounds {unknown}
 F - 3 potions of resistance {unknown}
 H - 5 potions of might {unknown}
 P - a potion of invisibility {unknown}
 S - a potion of flight {unknown}
 V - a potion of magic {unknown}


   Skills:
 + Level 6.8 Fighting
 + Level 10.3 Axes
 + Level 5.0 Armour
 + Level 3.5 Dodging
 + Level 2.2 Stealth
 + Level 3.6 Shields
 * Level 2.2 Spellcasting
 * Level 3.2 Conjurations
 + Level 5.2 Fire Magic


You had 5 spell levels left.
You knew the following spells:

 Your Spells              Type           Power      Damage    Failure   Level
a - Foxfire               Conj/Fire      100%       2x1d9     16%         1
b - Sandblast             Erth           6%         2d5       58%         1
c - Conjure Ball Lightni  Conj/Air       6%         3x3d6     100%        6

Your spell library contained the following spells:

 Spells                   Type           Power      Damage    Failure   Level
 Eringya's Noxious Bog    Tmut/Pois      1%         N/A       100%        6
 Searing Ray              Conj           42%        2d6       30%         2
 Kiss of Death            Conj/Necr      48%        2d9       36%         1
 Static Discharge         Conj/Air       24%        2-3/arc   50%         2
 Hailstorm                Conj/Ice       12%        3d5       71%         3
 Stone Arrow              Conj/Erth      24%        3d8       71%         3
 Apportation              Tloc           6%         N/A       97%         1
 Necrotise                Necr           12%        1d4       97%         1
 Summon Small Mammal      Summ           12%        N/A       97%         1
 Passwall                 Tmut/Erth      2%         N/A       99%         2
 Airstrike                Air            1%         2d(1-17)  99%         4
 Swiftness                Air            3%         N/A       100%        3
 Vhi's Electric Charge    Tloc/Air       6%         N/A       100%        3
 Summon Ice Beast         Ice/Summ       3%         N/A       100%        4
 Summon Lightning Spire   Summ/Air       3%         N/A       100%        4
 Arcjolt                  Conj/Air       6%         1d16      100%        5
 Summon Mana Viper        Hex/Summ       4%         N/A       100%        5
 Plasma Beam              Fire/Air       8%         2x1d21    100%        6
 Monstrous Menagerie      Summ           1%         N/A       100%        7


Dungeon Overview and Level Annotations

Branches:
Dungeon (9/15)             Temple (0/1) D:5            Lair (2/5) D:9
  Sewer (visited)         Ossuary (visited)         Volcano (1/1)
  Swamp: Lair:2-3    Shoals: Lair:2-3     Snake: Lair:2-3    Spider: Lair:2-3
    Orc: D:9-12

Altars:
Gozag
Ru
Trog
Uskayaw
Vehumet

Shops:
D:1 (


Innate Abilities, Weirdness & Mutations

You have a pair of small antennae on your head.
You may rarely emit foul miasma when damaged in melee.
A meltable icy envelope protects you from harm. (AC +0)
Your movements are slightly less encumbered by armour. (ER -2)
A meltable shield of frost defends you. (SH +0)
Your hexes are more powerful.


Message History

The centaur shoots an arrow.
The arrow hits you but does no damage.
The centaur shoots an arrow.
The arrow hits you but does no damage.
The centaur shoots an arrow.
The arrow hits you.
* * * LOW HITPOINT WARNING * * *
The hell hound breathes flames at you.
The blast of flame hits the salamander.
The salamander completely resists.
The blast of flame hits the fire bat.
The fire bat completely resists.
The blast of flame hits you but does no damage.
Your magical contamination has completely faded away.
You closely miss the fire bat.
Your +11 broad axe "Demonspawn's Regret" {spect, Str+3} closely misses the fire bat.
The fire bat bites you but does no damage.
As you read the scroll labelled JAROYXOANK, it crumbles to dust.
It is a scroll of brand weapon.
Your +0 hand axe craves living souls!
a - a +0 hand axe of draining Your +11 broad axe "Demonspawn's Regret" {spect, Str+3} disappears.
The fire bat barely misses you. x2; The centaur shoots an arrow.
The arrow hits you.
* * * LOW HITPOINT WARNING * * *
As you read the scroll labelled ASIEMO GI HIRU, it crumbles to dust.
Your body is wracked with pain!
* * * LOW HITPOINT WARNING * * *
The salamander convulses!
The fire bat convulses!
The two-headed ogre convulses!
The salamander convulses!
The centaur convulses!
It was a scroll of torment.
You block the fire bat's attack. You block the salamander's attack.
It was a potion of haste.
You feel yourself speed up. The fire bat barely misses you.
The salamander hits you but does no damage.
The fire bat bites you but does no damage.
The fire bat bites you but does no damage.
The fire bat attacks as you move away! The fire bat barely misses you. x2
The fire bat bites you but does no damage.
The fire bat attacks as you move away! The fire bat bites you.
* * * LOW HITPOINT WARNING * * *
You are engulfed in flames.
You resist.
* * * LOW HITPOINT WARNING * * *
The fire bat bites you.
You die...

≈§≈≈≈≈§§≈≈≈≈≈≈≈§≈≈≈≈§
≈≈≈§≈≈≈≈≈≈≈≈§§§≈≈≈≈§ §
§≈≈§≈≈≈≈≈≈≈≈≈§≈§≈§§≈
§≈§§≈§.§.≈≈≈≈≈≈§§≈§≈.≈
≈≈§≈≈..§.§≈≈O≈.≈≈§§..≈
§§§#b.Nc..h.Nc..§....
####...#####...##b##.
##.##bb## ##.##Oc{##
#∩#.#@.# #.#.b)..#
#∩#.#..# #.#(bb..#
###'#..## {{##.##...##
##....##+##...#####
##.................
≈≈≈≈~≈~~~~~..~.~~.~~.~
≈≈≈≈≈~≈≈~≈.~≈≈≈~.~.~~≈
≈≈≈≈≈≈≈≈≈~≈~≈≈≈~≈≈≈≈≈≈
≈≈≈≈≈≈≈≈≈≈≈≈≈≈≈~≈≈≈≈≈≈


You could see a salamander, 3 fire bats and a centaur.

Vanquished Creatures
  Pikel (D:4)
  A komodo dragon (Lair:1)
  A troll (D:5)
  Sigmund (D:6)
  Eustachio (D:5)
  Grum (Lair:1)
  Edmund (D:6)
  Menkaure (D:6)
  A water moccasin (D:6)
  2 black bears
  5 orc warriors
  A sky beast (D:7)
  4 ice beasts
  An ogre (D:5)
  3 centaurs
  3 wolves (Lair:1)
  2 lemures (D:4)
  2 kobold brigands
  2 bullfrogs
  Blork the orc (D:5)
  A gnoll sergeant (D:8)
  2 wyvern zombies (Ossuary)
  3 scorpions
  2 water moccasin zombies (Ossuary)
  4 wights (D:8)
  5 killer bees (D:9)
  4 howler monkeys (D:9)
  5 centaur zombies (Ossuary)
  5 bullfrog zombies (Ossuary)
  2 gnoll boudas
  3 hounds
  10 orc priests
  3 iguanas
  10 orc wizards
  4 hell rats (Lair:1)
  20 mummies (Ossuary)
  23 gnolls
  16 adders
  A river rat (Sewer)
  A white imp (D:6)
  A worm (D:2)
  A dart slug (D:2)
  43 orcs
  11 endoplasms
  3 giant cockroaches
  4 goblins
  12 hobgoblins
  18 kobolds
  2 quokkas
  9 ball pythons
  6 bats
  9 frilled lizards
  11 rats
289 creatures vanquished.

Vanquished Creatures (others)
  2 foxfires (D:5)
  A spectral weapon (Volcano)
3 creatures vanquished.

Grand Total: 292 creatures vanquished

Notes
Turn   | Place    | Note
-------+----------+-------------------------------------------
     0 | D:1      | kingsuperguy the Demonspawn Monk began the quest for the
                  | Orb.
     0 | D:1      | Reached XP level 1. HP: 18/18 MP: 1/1
   223 | D:1      | Gained mutation: You may rarely emit foul miasma when
                  | damaged in melee. [demonic ancestry]
   223 | D:1      | Reached XP level 2. HP: 24/24 MP: 2/2
   249 | D:1      | Reached skill level 3 in Axes
   537 | D:1      | Found a faded altar of an unknown god.
   575 | D:1      | Found Dyac's Weapon Shop.
   797 | D:1      | Prayed at the altar of an unknown god.
   797 | D:1      | Became a worshipper of Vehumet
   797 | D:1      | Reached * piety under Vehumet
   797 | D:1      | Offered knowledge of Foxfire by Vehumet.
   797 | D:1      | Reached ** piety under Vehumet
   866 | D:1      | Gained mutation: A meltable shield of frost defends you.
                  | (SH +0) [demonic ancestry]
   866 | D:1      | Reached XP level 3. HP: 14/29 MP: 3/3
   868 | D:1      | Learned a level 1 spell: Foxfire
   929 | D:1      | Learned a level 1 spell: Sandblast
   931 | D:2      | Offered knowledge of Scorch by Vehumet.
  1125 | D:2      | Offered knowledge of Static Discharge by Vehumet.
  1138 | D:2      | Reached *** piety under Vehumet
  1242 | D:2      | Reached XP level 4. HP: 29/35 MP: 4/4
  1572 | D:2      | Reached skill level 1 in Fire Magic
  1647 | D:3      | Offered knowledge of Iskenderun's Mystic Blast by Vehumet.
  1655 | D:3      | Found an opulent altar of Gozag.
  1986 | D:3      | Found a large runed translucent door.
  1987 | D:3      | Found a large runed translucent door.
  2029 | D:3      | Found a bloodstained altar of Trog.
  2039 | D:3      | Found a hide-covered altar of Uskayaw.
  2613 | D:3      | Identified the +11 broad axe "Demonspawn's Regret" {spect,
                  | Str+3}
  2742 | D:4      | Gained mutation: A meltable icy envelope protects you from
                  | harm. (AC +0) [demonic ancestry]
  2742 | D:4      | Reached XP level 5. HP: 41/41 MP: 5/5
  2754 | D:4      | Reached skill level 4 in Axes
  2844 | D:4      | Noticed a lemure
  2844 | D:4      | Noticed a lemure
  2844 | D:4      | Noticed a lemure
  2844 | D:4      | Noticed a lemure
  2845 | D:4      | Noticed Pikel
  2848 | D:4      | Killed a lemure
  2848 | D:4      | Reached **** piety under Vehumet
  2848 | D:4      | Killed a lemure
  2861 | D:4      | Found a sand-covered staircase.
  2865 | Ossuary  | Entered an ossuary
  2876 | Ossuary  | Offered knowledge of Yara's Violent Unravelling by Vehumet.
  2882 | Ossuary  | Reached skill level 1 in Armour
  2882 | Ossuary  | Gained mutation: You have a pair of small antennae on your
                  | head. [demonic ancestry]
  2882 | Ossuary  | Reached XP level 6. HP: 44/48 MP: 6/6
  2935 | Ossuary  | Reached skill level 5 in Axes
  2935 | Ossuary  | Reached skill level 1 in Shields
  2962 | Ossuary  | Gained mutation: Your movements are slightly less
                  | encumbered by armour. (ER -2) [demonic ancestry]
  2962 | Ossuary  | Reached XP level 7. HP: 40/53 MP: 7/7
  3133 | Ossuary  | Reached skill level 6 in Axes
  3163 | Ossuary  | Reached skill level 1 in Stealth
  3168 | Ossuary  | Reached XP level 8. HP: 44/61 MP: 8/8
  3321 | D:4      | Killed Pikel
  3322 | D:4      | Reached skill level 7 in Axes
  3877 | D:5      | Entered Level 5 of the Dungeon
  3966 | D:5      | Found a bloodstained altar of Trog.
  3976 | D:5      | Reached skill level 5 in Fighting
  3976 | D:5      | Reached ***** piety under Vehumet
  4012 | D:5      | Noticed Eustachio
  4014 | D:5      | Offered knowledge of Conjure Ball Lightning by Vehumet.
  4025 | D:5      | Killed Eustachio
  4026 | D:5      | Gained mutation: A meltable icy envelope protects you from
                  | harm. (AC +0) [demonic ancestry]
  4026 | D:5      | Reached XP level 9. HP: 35/68 MP: 9/9
  4131 | D:5      | Noticed a troll
  4134 | D:5      | Noticed Blork the orc
  4136 | D:5      | Killed a troll
  4137 | D:5      | Reached skill level 8 in Axes
  4141 | D:5      | Killed Blork the orc
  4154 | D:5      | Found a glowing drain.
  4170 | Sewer    | Entered a sewer
  5010 | D:5      | Found a staircase to the Ecumenical Temple.
  5362 | D:6      | Noticed Sigmund
  5365 | D:6      | Killed Sigmund
  5490 | D:6      | Reached skill level 9 in Axes
  5490 | D:6      | Reached skill level 5 in Fire Magic
  5624 | D:6      | Noticed Edmund
  5631 | D:6      | Killed Edmund
  5734 | D:6      | Got Fear's Lectures on Overhead Outbursts
  5885 | D:6      | Learned a level 6 spell: Conjure Ball Lightning
  5953 | D:6      | Noticed Menkaure
  5955 | D:6      | Killed Menkaure
  6391 | D:7      | Gained mutation: Your hexes are more powerful. [demonic
                  | ancestry]
  6391 | D:7      | Reached XP level 10. HP: 61/76 MP: 11/11
  6408 | D:7      | Reached skill level 1 in Spellcasting
  6768 | D:8      | Found a sacrificial altar of Ru.
  6885 | D:8      | Reached skill level 1 in Conjurations
  7839 | D:8      | Offered knowledge of Eringya's Noxious Bog by Vehumet.
  8060 | D:9      | Reached skill level 10 in Axes
  8172 | D:9      | Found a staircase to the Lair.
  8278 | Lair:1   | Entered Level 1 of the Lair of Beasts
  8278 | Lair:1   | You fall into a shaft and drop 1 floor!
  8328 | Lair:1   | Noticed Grum
  8334 | Lair:1   | Killed Grum
  8337 | Lair:1   | Reached skill level 5 in Armour
  8417 | Lair:1   | Found a dark tunnel.
  8463 | Volcano  | Entered a volcano
  8554 | Volcano  | Noticed a two-headed ogre
  8561 | Volcano  | Noticed a salamander
  8563 | Volcano  | Noticed a salamander
  8577 | Volcano  | HP: 2/77 [fire bat (3)]
  8577 | Volcano  | Slain by a fire bat

Illustrated notes

Levels and vault maps discovered:
D:1:      nzn_arrival_settlement, layout_loops_ring, serial_shops, shop,
          hellmonk_ecumenical_altar_arch_garden, minmay_tetromino_t4
D:2:      layout_basic
D:3:      layout_loops_corners, old_standard_altar, jmf_multi_god_temple2,
          st_stairs_9
D:4:      layout_basic, serial_shops, nicolae_square_shop, enter_ossuary_5,
          skrybe_limestone_x, uniq_pikel
D:5:      layout_cave_pods, temple_fountains, portal_sewer_entry_d,
          serial_glass, glass_columns_c, glass_columns_b, minmay_ruined_shrine,
          uniq_eustachio, uniq_blork_the_orc
D:6:      layout_basic, uniq_sigmund, uniq_menkaure, uniq_edmund
D:7:      layout_basic
D:8:      layout_layer_cave, nicolae_ru_sacrificial_ziggurat,
          nicolae_grassy_gnolls
D:9:      layout_rooms, elyvilon_altar_3, dpeg_oklobed_lair,
          hangedman_decor_diamond_cutter
Lair:1:   layout_regular_city, enter_volcano_4, uniq_grum
Lair:2:   layout_cave_pods
Volcano:  volcano_village

Skill      XL: |  1  2  3  4  5  6  7  8  9 10 |
---------------+-------------------------------+-----
Axes           | 3 4 5 6 7 9 10 | 10.3
Dodging        | 3 |  3.5
Fire Magic     | 1 2 3 4 5 |  5.2
Armour         | 1 2 3 4 5 |  5.0
Shields        | 1 2 3 |  3.6
Fighting       | 4 5 6 |  6.8
Stealth        | 1 2 |  2.2
Spellcasting   | 2 |  2.2
Conjurations   | 3 |  3.2

Action                     |  1- 3 |  4- 6 |  7- 9 | 10-12 || total
---------------------------+-------+-------+-------+-------++-------
  Melee: Hand axe          |   114 |   110 |       |       ||   224
         Broad axe         |       |    23 |   171 |   120 ||   314
   Cast: Foxfire           |       |       |     1 |       ||     1
    Use: Potion            |       |       |     1 |     1 ||     2
         Scroll            |       |       |       |     4 ||     4
   Stab: Distracted        |       |       |     4 |     1 ||     5
 Armour: Robe              |    23 |     5 |       |       ||    28
         Plate armour      |       |    88 |    73 |    62 ||   223
  Dodge: Dodged            |    87 |    36 |    43 |    29 ||   195
  Block: Orb               |     7 |    28 |    25 |       ||    60
         Buckler           |       |       |       |    63 ||    63
